 Dungeon Crawl Stone Soup version 0.32-a0-411-g744942f433 (webtiles) character file.

Game seed: 7317947519403398419

114 eruonna the Chopper (level 4, -4/37 HPs)
             Began as a Mountain Dwarf Reaver on Feb 20, 2024.
             Slain by an orc wizard
             ... wielding a +0 dagger of electrocution
              (12 damage)
             ... on level 3 of the Dungeon.
             The game lasted 00:10:16 (1853 turns).

eruonna the Chopper (Mountain Dwarf Reaver)         Turns: 1853, Time: 00:10:17

Health: -4/37      AC:  6    Str: 22    XL:     4   Next: 67%
Magic:  6/6        EV: 10    Int: 14    God:
Gold:   97         SH:  0    Dex:  8    Spells: 3/6 levels left

rFire   . . .        r - +0 war axe
rCold   . . .        (no shield)
rNeg    . . .        s - +0 ring mail {rPois}
rPois   +            n - +1 hat
rElec   .            (no cloak)
rCorr   .            (no gloves)
SInv    .            (no boots)
Will    .....        (no amulet) Stlth
                     m - +6 ring of strength
HPRegen 0.26/turn    (no ring)
MPRegen 0.10/turn

%: no passive effects
@: no status effects
A: runic magic, artefact enchanting
a: no special abilities


You were on level 3 of the Dungeon.
You visited 1 branch of the dungeon, and saw 3 of its levels.

You collected 97 gold pieces.

Inventory:

Hand Weapons
 a - a +0 hand axe
 d - a +0 whip of venom
 e - a +0 dagger of venom
 p - a +0 sling
 r - a +0 war axe (weapon)
Missiles
 f - 34 stones
 g - 4 boomerangs
Armour
 b - a +0 leather armour
 l - a +0 ring mail
 n - a +1 hat (worn)
 s - a +0 ring mail of poison resistance (worn)
Jewellery
 m - a +6 ring of strength (left hand)
Wands
 q - a wand of roots (21)
Scrolls
 j - a scroll of revelation
 t - a scroll of vulnerability
 v - a scroll of teleportation
Potions
 h - a potion of magic {unknown}
 i - a potion of might
 k - a potion of mutation {unknown}
 o - a potion of resistance {unknown}
 u - a potion of enlightenment {unknown}


   Skills:
 - Level 2.8 Fighting
 + Level 6.0 Axes
 - Level 1.3 Dodging
 - Level 1.7 Spellcasting
 - Level 3.0 Conjurations


You had 3 spell levels left.
You knew the following spells:

 Your Spells              Type           Power      Damage    Failure   Level
a - Kiss of Death         Conj/Necr      20%        2d7       14%         1
b - Momentum Strike       Conj/Tloc      10%        3d8       22%         2

Your spell library contained the following spells:

 Spells                   Type           Power      Damage    Failure   Level
 Hailstorm                Conj/Ice       5%         3d5       41%         3


Dungeon Overview and Level Annotations

Branches:
Dungeon (3/15)

Altars:
Qazlal
The Shining One

Shops:
D:1 !


Innate Abilities, Weirdness & Mutations

Your spellcasting is much less encumbered by armour.
You can use scrolls of enchantment on lesser artefacts.


Message History

The orc shouts!
Things that are here:
a +0 dagger; a +0 robe; an orc corpse
Things that are here:
a +0 morningstar; an orc corpse
Things that are here:
a +0 dagger; a +0 robe; an orc corpse An orc wizard comes into view.
It is wielding a +0 dagger of electrocution.
You barely miss the orc.
The orc wizard gestures wildly while chanting.
The orc wizard flickers and vanishes!
Deactivating autopickup; reactivate with Ctrl-A.
The orc hits you but does no damage.
You hit the orc.
The orc is lightly wounded.
The orc hits you with a +0 club.
You slash the orc!
You kill the orc!
Things that are here:
a +0 morningstar; an orc corpse Something hits you.
Things that are here:
a +0 morningstar; an orc corpse You closely miss something.
Something hits you but does no damage.
You closely miss something. Something hits you but does no damage.
You miss something.
You hear some strange, mumbled words.
You are confused.
You miss something. Something hits you but does no damage.
You are electrocuted!!
Ouch! That really hurt!
* * * LOW HITPOINT WARNING * * *
It was a potion of curing.
You feel better.
You hear some strange, mumbled words.
A magic dart appears from out of thin air!
The magic dart hits you.
* * * LOW HITPOINT WARNING * * *
You barely miss something. Something hits you but does no damage.
You are electrocuted!
You die...

#.# .. #.# #.# #.#
.. #.# {# ..#
###.# #.#### #...#
#.#.. #)### #.#.#
#{# ..#.#### #@#
.......# #.#
.......# #.#
..#.##.# #.#
###.############.#
#☼....#..........#
#.....#.##########
..._....#
#.....###


There were no monsters in sight!

Vanquished Creatures
  Ijyb (D:3)
  An orc wizard (D:3)
  A dart slug (D:1)
  A ribbon worm (D:3)
  2 orcs (D:3)
  2 ball pythons (D:1)
  An endoplasm (D:2)
  A giant cockroach (D:2)
  3 goblins (D:1)
  4 hobgoblins (D:1)
  3 quokkas
  3 bats (D:1)
  5 frilled lizards
  4 kobolds
  3 rats
35 creatures vanquished.

Notes
Turn   | Place    | Note
-------+----------+-------------------------------------------
     0 | D:1      | eruonna the Mountain Dwarf Reaver began the quest for the
                  | Orb.
     0 | D:1      | Reached XP level 1. HP: 17/17 MP: 3/3
    55 | D:1      | Found Jeizug's Distillery.
    97 | D:1      | Reached skill level 4 in Axes
   124 | D:1      | Reached XP level 2. HP: 20/24 MP: 4/4
   231 | D:1      | Reached skill level 5 in Axes
   234 | D:1      | Learned a level 2 spell: Momentum Strike
   402 | D:1      | Reached XP level 3. HP: 30/30 MP: 5/5
  1587 | D:3      | Found a glowing golden altar of the Shining One.
  1662 | D:3      | Noticed Ijyb
  1668 | D:3      | Killed Ijyb
  1669 | D:3      | Reached XP level 4. HP: 37/37 MP: 6/6
  1786 | D:3      | Found a stormy altar of Qazlal.
  1834 | D:3      | Reached skill level 6 in Axes
  1853 | D:3      | Slain by an orc wizard

Illustrated notes

Levels and vault maps discovered:
D:1:      mrwooster_arrival_statue_2, layout_basic, serial_shops, shop,
          serial_glass, glass_columns_a, glass_columns_a,
          hangedman_glass_garden, minmay_hexomino_u4
D:2:      layout_basic, st_stairs_12
D:3:      layout_loops_cross, mainiacjoe_overflow_24_doors, grunt_qazlal_clouds,
          minmay_quantized, uniq_grinder, uniq_ijyb, uniq_robin

Skill      XL: |  1  2  3  4 |
---------------+-------------+-----
Axes           | 4 5 6 |  6.0
Conjurations   | 3 |  3.0
Fighting       | |  2.8
Dodging        | |  1.3
Spellcasting   | |  1.7

Action                     |  1- 3 |  4- 6 || total
---------------------------+-------+-------++-------
  Melee: Hand axe          |    69 |       ||    69
         War axe           |     7 |    21 ||    28
    Use: Scroll            |     4 |       ||     4
         Potion            |     1 |     1 ||     2
 Armour: Leather armour    |    31 |       ||    31
         Ring mail         |     9 |    22 ||    31
  Dodge: Dodged            |    34 |       ||    34

Table legend: (Time is in decaauts)
 A = Elapsed time spent in this place.
 B = Non-inter-level travel time spent in this place.
 C = Inter-level travel time spent in this place.
 D = Time resting spent in this place.
 E = Time spent auto-exploring this place.
 F = Levels seen in this place.
 G = Mean time per level.
                   A        B        C        D        E       F      G
               +--------+--------+--------+--------+--------+-----+--------+
         Total |   1861 |   1805 |     56 |     87 |   1326 |   3 |  620.3 |
       Dungeon |   1861 |   1805 |     56 |     87 |   1326 |   3 |  620.3 |
               +--------+--------+--------+--------+--------+-----+--------+

Top non-repeatable levels by time:
     D:1: 792 daAuts
     D:2: 764 daAuts
     D:3: 304 daAuts
